 Dungeon Crawl Stone Soup version 0.28.0-53-g5a82cb258f (webtiles) character file.

Game seed: 3820490992770588456

86 PentaManta the Conjurer (level 4, -1/30 HPs)
             Began as a Demonspawn Conjurer on June 18, 2022.
             Slain by an ogre
             ... wielding a +0 giant spiked club
              (29 damage)
             ... on level 3 of the Dungeon.
             The game lasted 00:04:25 (2188 turns).

PentaManta the Conjurer (Demonspawn Conjurer)       Turns: 2188, Time: 00:04:25

Health: -1/30      AC:  4    Str:  7    XL:     4   Next: 26%
Magic:  3/8        EV: 12    Int: 22    God:
Gold:   85         SH:  0    Dex: 11    Spells: 3/9 levels left

rFire   . . .      SeeInvis .   h - +0 hunting sling
rCold   . . .      Faith    .   (no shield)
rNeg    . . .      Spirit   .   a - +0 robe
rPois   .          Reflect  .   (no helmet)
rElec   .          Harm     .   e - +0 cloak
rCorr   .          Rampage  .   d - +0 pair of gloves
Will    .....                   (no boots)
Stlth   ++........              (no amulet)
HPRegen 0.10/turn               (no ring)
MPRegen 0.22/turn               (no ring)

@: no status effects
A: magic regeneration, demonic touch 1
a: no special abilities


You were on level 3 of the Dungeon.
You visited 1 branch of the dungeon, and saw 3 of its levels.

You collected 85 gold pieces.

Inventory:

Hand Weapons
 b - a +0 dagger
 h - a +0 hunting sling (weapon)
Missiles
 c - 4 atropa-tipped darts
 f - a throwing net
 i - 48 stones (quivered ammo)
 m - 40 sling bullets
Armour
 a - a +0 robe (worn)
 d - a +0 pair of gloves (worn)
 e - a +0 cloak (worn)
Scrolls
 g - a scroll of noise {unknown}
 l - a scroll of identify {unknown}
Potions
 j - 2 potions of curing {unknown}
 k - a potion of degeneration {unknown}


   Skills:
 - Level 1.7 Dodging
 - Level 1.7 Stealth
 + Level 3.3 Spellcasting
 + Level 5.0 Conjurations


You had 3 spell levels left.
You knew the following spells:

 Your Spells              Type           Power      Damage    Failure   Level
a - Magic Dart            Conj           100%       1d8       1%          1
b - Searing Ray           Conj           50%        2d6       2%          2
c - Dazzling Flash        Conj/Hex       28%        N/A       13%         3

Your spell library contained the following spells:

 Spells                   Type           Power      Damage    Failure   Level
 Animate Skeleton         Necr           6%         N/A       12%         1
 Pain                     Necr           12%        1d4       12%         1
 Vampiric Draining        Necr           3%         2d6       36%         3
 Fulminant Prism          Conj/Hex       7%         3d7       41%         4
 Iskenderun's Mystic Bla  Conj/Tloc      14%        2d5       41%         4


Dungeon Overview and Level Annotations

Branches:
Dungeon (3/15)

Altars:

Shops:
D:2 :

Annotations:
D:3 1 runed translucent door, kalagan's ghost, amateur DECj


Innate Abilities, Weirdness & Mutations

You regenerate magic rapidly.
Your touch may inflict minor irresistible damage on your foes.


Message History

Aiming: Magic Dart (safe; 1% risk of failure)
Press: ? - help, Q - select action, (/) - cycle Shift-Dir - straight line, f - goblin
Aim: a goblin, wielding a +0 dagger (100% to hit)
The magic dart hits the goblin.
The goblin is moderately wounded.
The goblin hits you with a +0 dagger.
Aiming: Searing Ray (safe; 2% risk of failure)
Press: ? - help, Q - select action, (/) - cycle Shift-Dir - straight line, f/p - goblin
Aim: a goblin, wielding a +0 dagger (moderately wounded, 74% to hit)
The searing ray hits the goblin!
You kill the goblin!
The searing ray hits the goblin!
You kill the goblin!
The searing ray hits the goblin.
You kill the goblin! (Press . to maintain the ray.)
Your Conjurations skill increases to level 5!
Unknown command.
Unknown command.
Aiming: Searing Ray (safe; 2% risk of failure)
Press: ? - help, Q - select action, (/) - cycle Shift-Dir - straight line, f - ogre
Aim: an ogre, wielding a +0 giant spiked club (90% to hit)
The searing ray hits the goblin.
The goblin is heavily wounded.
The searing ray hits the ogre!
The ogre is moderately wounded. (Press . to maintain the ray.) Restarting spell: Searing Ray (safe; 2% risk of failure)
Press: ? - help, Q - select action, (/) - cycle Shift-Dir - straight line, f/p - ogre
Aim: an ogre, wielding a +0 giant spiked club (moderately wounded, 90% to hit)
The searing ray hits the goblin!
You kill the goblin!
The searing ray hits the ogre.
The ogre is heavily wounded. (Press . to maintain the ray.)
You don't have enough magic to cast this spell.
You don't have enough magic to cast this spell.
The ogre hits you with a +0 giant spiked club!!
Ouch! That really hurt!
You die...

..# #.# (.# #.# ..# #.#
#.# #.# #.# #.# .>#
#.################### #.#
#...................# #.#
#######################.##
#.# #.......g.gO@....# #.#
#.# #.##############.# #.#
### #)# #.# #.# gg###)#
#.# #.# gg'.#g# #.# #.#
.g#.g.###### #.# #.#
#####..#W..# #.######.##
#.##.†.+o?.### #.........#
#.##...#..!#.# ###########


You could see an ogre and 2 goblins.

Vanquished Creatures
  3 adders
  2 dart slugs
  A worm (D:2)
  3 endoplasms
  3 giant cockroaches
  6 goblins
  5 hobgoblins
  2 quokkas
  10 ball pythons
  6 bats
  6 frilled lizards
  2 kobolds
  3 rats
52 creatures vanquished.

Notes
Turn   | Place    | Note
-------+----------+-------------------------------------------
     0 | D:1      | PentaManta the Demonspawn Conjurer began the quest for the
                  | Orb.
     0 | D:1      | Reached XP level 1. HP: 13/13 MP: 3/3
   181 | D:1      | Gained mutation: You regenerate magic rapidly. [demonic
                  | ancestry]
   181 | D:1      | Reached XP level 2. HP: 12/19 MP: 1/5
   583 | D:1      | Found a faded altar of an unknown god.
   932 | D:2      | Reached XP level 3. HP: 24/24 MP: 4/7
  1133 | D:2      | Found Boli's Book Boutique.
  1142 | D:2      | Learned a level 2 spell: Searing Ray
  1612 | D:3      | Learned a level 3 spell: Dazzling Flash
  1981 | D:3      | Found a runed translucent door.
  1982 | D:3      | Noticed kalagan's ghost (amateur DECj)
  1990 | D:3      | Gained mutation: Your touch may inflict minor irresistible
                  | damage on your foes. [demonic ancestry]
  1990 | D:3      | Reached XP level 4. HP: 24/30 MP: 2/8
  2166 | D:3      | Noticed an ogre
  2174 | D:3      | Reached skill level 5 in Conjurations
  2188 | D:3      | Slain by an ogre

Illustrated notes

Levels and vault maps discovered:
D:1:      scummos_arrival_simple_fountains, layout_rooms,
          hellmonk_ecumenical_altar_heavens_door
D:2:      layout_rooms, serial_shops, nicolae_shop_hallway_stairs
D:3:      layout_basic, ebering_ghost_inner_flame, minmay_ogre_servants

Skill      XL: |  1  2  3  4 |
---------------+-------------+-----
Spellcasting   | 3 |  3.3
Conjurations   | 5 |  5.0
Dodging        | |  1.7
Stealth        | |  1.7

Action                   |  1- 3 |  4- 6 || total
-------------------------+-------+-------++-------
Melee: Unarmed           |     8 |       ||     8
       Dagger            |     5 |       ||     5
 Fire: Hunting sling     |     2 |    11 ||    13
 Cast: Magic Dart        |    78 |     7 ||    85
       Searing Ray       |       |     3 ||     3
Armor: Robe              |    11 |     3 ||    14
Dodge: Dodged            |    23 |     4 ||    27
